 Dungeon Crawl Stone Soup version 0.28.0-53-g5a82cb258f (console) character file.

Game seed: 2516020593989897663

90615 erker the Alchemist (level 16, -1/157 HPs)
             Began as an Octopode Earth Elementalist on Aug 2, 2022.
             Was an Initiate of Gozag.
             Slain by an orc warlord
             ... wielding a +0 great mace
              (33 damage)
             ... on level 2 of the Orcish Mines.
             The game lasted 02:32:27 (29407 turns).

erker the Alchemist (Octopode Earth Elementalist)  Turns: 29407, Time: 02:32:28

Health: -1/157     AC: 16    Str: 24    XL:     16   Next: 1%
Magic:  8/30       EV:  8    Int: 29    God:    Gozag
Gold:   4611       SH:  0    Dex: 12    Spells: 22/36 levels left

rFire   + + .      SeeInvis .     - Unarmed
rCold   + . .      Faith    .   (shield currently unavailable)
rNeg    + . .      Spirit   .   (helmet currently unavailable)
rPois   +          Reflect  .   U - amulet of regeneration
rElec   .          Harm     .   r - ring of wizardry
rCorr   .          Rampage  .   A - +6 ring of strength
Will    +....                   X - ring of protection from cold
Stlth   +++++.....              e - ring of ice
HPRegen 1.16/turn               S - ring of poison resistance
MPRegen 0.22/turn               Z - ring of the Devil's Team {rF+ rN+ Int+4 Slay+4}
                                (no ring)
                                (no ring)

@: dragon-form, gold aura, flying
A: dragon claw, dragon scales, breathe fire, flying, boosted hp, almost no
armour, amphibious, 8 rings, giant, (camouflage 1), (gelatinous body 1), (nimble
swimmer 1), (tentacles)
a: Breathe Fire, End Transformation, Renounce Religion, Potion Petition, Call
Merchant, Bribe Branch


You were on level 2 of the Orcish Mines.
You worshipped Gozag.
Gozag was most pleased with you.
You were a fearsome dragon!
You visited 4 branches of the dungeon, and saw 23 of its levels.
You also visited: Ossuary, Bailey and Volcano.

You collected 7469 gold pieces.
You spent 1998 gold pieces at shops.
You paid 860 gold pieces to Gozag.

Inventory:

Hand Weapons
 a - a +2 dagger of holy wrath (melded)
 b - the +11 spear of Ipiov {vorpal, Int+5}
   (You found it on level 11 of the Dungeon)

   It inflicts extra damage upon your enemies.
   Int:       It affects your intelligence (+5).
Missiles
 s - 13 poisoned darts (quivered)
 K - 12 curare-tipped darts
 N - 405 stones
Magical Staves
 p - a staff of air
Jewellery
 e - a ring of ice (on tentacle)
 r - a ring of wizardry (left foreclaw)
 A - a +6 ring of strength (right foreclaw)
 I - an amulet of faith
 S - a ring of poison resistance (on tentacle)
 U - an amulet of regeneration (around neck)
 W - an amulet of magic regeneration
 X - a ring of protection from cold (on tentacle)
 Z - the ring of the Devil's Team (on tentacle) {rF+ rN+ Int+4 Slay+4}
   (You bought it in a shop on level 12 of the Dungeon)

   [ring of slaying]

   Int:       It affects your intelligence (+4).
   Slay:      It affects your accuracy & damage with ranged weapons and melee
   (+4).
   rF:        It protects you from fire.
   rN:        It protects you from negative energy.
Wands
 w - a wand of polymorph (21)
 x - a wand of flame (13)
 F - a wand of mindburst (9)
 J - a wand of iceblast (5)
 L - a wand of acid (4)
 M - a wand of digging (3)
Scrolls
 c - 9 scrolls of enchant armour
 f - 4 scrolls of immolation {unknown}
 g - 10 scrolls of teleportation
 h - 3 scrolls of blinking
 i - 2 scrolls of silence {unknown}
 n - 4 scrolls of amnesia
 o - 5 scrolls of vulnerability
 q - 5 scrolls of magic mapping {unknown}
 t - 5 scrolls of fear {unknown}
 u - 2 scrolls of acquirement {unknown}
 y - 6 scrolls of fog
 B - a scroll of holy word {unknown}
 E - 3 scrolls of noise {unknown}
 G - a scroll of summoning
 H - 5 scrolls of enchant weapon
 T - 3 scrolls of torment {unknown}
Potions
 d - 3 potions of mutation
 j - 6 potions of haste
 k - 4 potions of ambrosia
 l - 6 potions of heal wounds
 m - 4 potions of flight
 z - 3 potions of cancellation
 C - 5 potions of resistance
 D - a potion of invisibility
 O - 2 potions of attraction
 P - a potion of brilliance
 Q - 2 potions of magic
 R - 4 potions of curing
Miscellaneous
 v - a box of beasts
 V - a tin of tremorstones (1/2)
 Y - a lightning rod (inert)


   Skills:
 - Level 8.0 Fighting
 - Level 4.0 Short Blades
 - Level 4.0 Dodging
 - Level 12.0 Stealth
 + Level 11.0 Unarmed Combat
 + Level 10.8 Spellcasting
 - Level 16.0 Transmutations
 - Level 4.0 Air Magic
 - Level 12.0 Earth Magic


You had 22 spell levels left.
You knew the following spells:

 Your Spells              Type           Power      Damage    Failure   Level
a - Sandblast             Erth           100%       2d20      1%          1
d - Dragon Form           Tmut           41%        N/A       1%          7
p - Petrify               Tmut/Erth      77%        N/A       1%          4
w - Passwall              Tmut/Erth      64%        N/A       0%          2

Your spell library contained the following spells:

 Spells                   Type           Power      Damage    Failure   Level
 Wereblood                Tmut           83%        N/A       0%          2
 Animate Skeleton         Necr           30%        N/A       1%          1
 Pain                     Necr           60%        1d7       1%          1
 Stone Arrow              Conj/Erth      100%       3d13      1%          3
 Sublimation of Blood     Necr           15%        N/A       2%          2
 Summon Guardian Golem    Hex/Summ       15%        N/A       4%          3
 Vampiric Draining        Necr           15%        2d7       4%          3
 Cause Fear               Hex            7%         N/A       14%         4
 Olgreb's Toxic Radiance  Pois           15%        N/A       14%         4
 Orb of Destruction       Conj           7%         9d6       100%        7
 Ozocubu's Refrigeration  Ice            11%        4d7       100%        7
 Spellforged Servitor     Conj/Summ      7%         N/A       100%        7
 Summon Hydra             Summ           7%         N/A       100%        7
 Ignition                 Fire           7%         3d5       100%        8
 Dragon's Call            Summ           7%         N/A       100%        9


Dungeon Overview and Level Annotations

Branches:
Dungeon (14/15)            Temple (1/1) D:5            Lair (6/6) D:11
  Swamp (0/4) Lair:3        Snake (0/4) Lair:2        Slime (0/5) Lair:6
    Orc (2/2) D:11         Vaults (0/5) D:14        Ossuary (visited)
 Bailey (visited)         Volcano (visited)
    Elf: Orc:2

Altars:
Ashenzari
Cheibriados
Dithmenos
Elyvilon
Fedhas
Gozag
Hepliaklqana
Kikubaaqudgha
Makhleb
Nemelex Xobeh
Okawaru
Qazlal
Ru
Sif Muna
Trog
Uskayaw
Vehumet
Wu Jian
Xom
Yredelemnul
Zin
The Shining One
Jiyva
Lugonu

Shops:
D:6 [   D:12 =

Portals:
Abyss: Lair:6

Annotations:
D:7 1 exclusion
D:8 Erica
D:11 Fannar
D:12 2 runed translucent doors
D:14 exclusions: 2 doors and hydra


Innate Abilities, Weirdness & Mutations

You are a fearsome dragon!
You have a powerful clawing attack.
Your giant scaled body is strong and resiliant, but less evasive.
You can breathe fire.
You are flying.
Your maximum health is greatly increased.
Your armour is entirely melded.
You are incapable of wielding weapons or throwing items.
You cannot wear most types of armour.
You are amphibious.
You can wear up to eight rings at the same time.
((Your skin changes colour to match your surroundings (Stealth+).))
((Your rubbery body absorbs attacks. (AC +1, EV +1)))
((You are camouflaged when in or above water. (Stealth+)))
((You have tentacles for arms and can constrict up to eight enemies at once.))


Message History

The orc is distracted by your dazzling golden aura.
The orc wizard hits you but does no damage.
The orc is no longer distracted by gold.
The orc warrior is distracted by your dazzling golden aura.
The orc warrior hits you with a +0 glaive!
The orc priest mumbles some strange prayers to Beogh against you.
Beogh smites you! The orc hits you with a +0 falchion.
The orc is distracted by your dazzling golden aura.
The orc wizard mumbles some strange words.
The orc wizard flickers and vanishes!
The orc warrior shouts!
Items here: $ )) [[.
You claw the orc!
You kill the orc!
You hear a shout!
The orc warrior hits you with a +0 short sword!
The orc warrior hits you with a +0 glaive!
The orc closely misses you.
You claw the orc priest!
The orc priest is severely wounded.
The orc warrior is distracted by your dazzling golden aura.
The orc warrior shouts!
You maul the orc priest!!!!
You kill the orc priest!
You hear a shout!
The orc warrior is distracted by your dazzling golden aura.
The orc hits you but does no damage.
You hear a shout!
The orc warrior shouts!
You maul the orc!!!
You kill the orc!
The orc barely misses you.
The orc warlord hits you with a +0 great mace!!!
* * * LOW HITPOINT WARNING * * *
You bite the orc!!
You kill the orc!
The orc warrior is no longer distracted by gold.
The orc barely misses you.
The orc warlord hits you with a +0 great mace!!
You die...
Your body crumbles into a pile of gold.

####.........##......
#.#.........##.......$
###...........#.....#
#...................#
$
##.....<$#...........#
.......$###........###
##.....$$###o.......#
#..#.....$#[o$o#....#
##
#........$oD##......
###..[$.$oo## #..... $
#...[$$oo# .....
#.#$$..<.## ....
####.....# ....
###.$## #.. ####


You could see an orc warlord, 4 orc warriors and 3 orcs.

Vanquished Creatures
  Snorg (Lair:4)
  Josephine (D:12)
  7 hydras
  3 boulder beetles
  A jorogumo (shapeshifter) (D:13)
  A catoblepas (D:13)
  5 centaur warriors
  7 two-headed ogres
  2 thrashing horrors (Lair:6)
  Sonja (D:10)
  2 fire crabs (shapeshifter) (D:13)
  2 large abominations (Lair:6)
  2 bog bodies (Lair:3)
  A lindwurm (Lair:6)
  4 orc knights
  2 deep elf pyromancers (D:14)
  2 wolf spiders
  7 ugly things
  An orc sorcerer (Volcano)
  3 cyclopes
  4 manticores
  24 elephants
  Maurice (D:9)
  4 black mambas
  2 molten gargoyles (Volcano)
  4 smoke demons
  Joseph (D:8)
  13 cane toads
  15 komodo dragons
  An unseen horror (D:12)
  4 rime drakes
  A yaktaur (D:13)
  An ancient zyme (Lair:6)
  A queen bee (shapeshifter) (D:13)
  2 meliai (D:14)
  2 hornets (D:10)
  2 polar bears
  Prince Ribbit (D:9)
  6 trolls
  10 slime creatures
  28 blink frogs
  12 small abominations (Lair:6)
  4 dream sheep (Lair:4)
  A meliai zombie (D:11)
  A centaur simulacrum (D:14)
  Sigmund (D:3)
  2 spriggans (Lair:6)
  2 shadows
  2 ynoxinuls (Lair:6)
  5 wraiths
  52 yaks
  2 water elementals (D:13)
  A hog (shapeshifter) (D:13)
  A basilisk (shapeshifter) (D:13)
  A fire bat (Volcano)
  4 wyverns
  A steam dragon (D:7)
  13 vampire mosquitoes
  8 basilisks
  3 chaos spawn (Lair:6)
  3 nagas (Lair:2)
  Duvessa (D:4)
  An acid dragon (D:12)
  5 wargs
  10 water moccasins
  3 hell hounds (Volcano)
  A black bear (D:6)
  4 ice beasts
  24 orc warriors
  2 necrophages
  10 ogres
  10 centaurs
  A hornet zombie (D:9)
  8 wolves (Lair:3)
  2 phantoms (D:5)
  A kobold brigand (D:9)
  10 bullfrogs
  Blork the orc (D:5)
  An earth elemental (D:12)
  A gnoll sergeant (D:8)
  2 water moccasin zombies (D:5)
  3 scorpions
  A wyvern skeleton (D:7)
  Dowan (D:4)
  The ghost of MCDelver the Insei, a weakling DsGl (D:3)
  2 electric eels
  8 wights
  2 howler monkeys (D:12)
  4 lava snakes (Volcano)
  A hound (D:6)
  A bullfrog zombie (D:7)
  8 centaur zombies
  Crazy Yiuf (D:5)
  3 jellies
  13 orc priests
  A bullfrog skeleton (D:5)
  A centaur skeleton (D:7)
  Jessica (D:2)
  Ijyb (D:5)
  Terence (D:2)
  An iguana (D:13)
  Natasha (thrice) (D:2)
  22 orc wizards
  6 hell rats (Lair:3)
  A killer bee zombie (D:7)
  A scorpion simulacrum (D:3)
  A hound skeleton (D:5)
  9 mummies
  A howler monkey zombie (D:7)
  5 gnolls (D:8)
  6 adders
  A river rat (D:13)
  3 hound simulacra (D:3)
  A shadow imp (D:7)
  2 white imps
  3 ufetubi
  An adder zombie (D:5)
  An adder skeleton (D:4)
  3 worms
  2 dart slugs (D:2)
  73 orcs
  7 ball pythons
  2 endoplasms
  6 giant cockroaches
  7 goblins
  8 hobgoblins
  6 jackals
  3 quokkas (D:2)
  10 bats
  6 frilled lizards
  3 hobgoblin zombies (Ossuary)
  14 kobolds
  3 kobold zombies (Ossuary)
  2 orc zombies (Ossuary)
  2 quokka simulacra (D:3)
  2 rats
  A butterfly (D:5)
681 creatures vanquished.

Vanquished Creatures (others)
  12 fungi
  26 plants
  10 withered plants (D:11)
48 creatures vanquished.

Grand Total: 729 creatures vanquished

Notes
Turn   | Place    | Note
-------+----------+-------------------------------------------
     0 | D:1      | erker the Octopode Earth Elementalist began the quest for
                  | the Orb.
     0 | D:1      | Reached XP level 1. HP: 11/11 MP: 3/3
   355 | D:1      | Reached skill level 1 in Short Blades
   355 | D:1      | Reached XP level 2. HP: 17/17 MP: 5/5
   358 | D:1      | Learned a level 2 spell: Passwall
  1201 | D:2      | Found a faded altar of an unknown god.
  1206 | D:2      | Reached XP level 3. HP: 15/21 MP: 6/6
  1562 | D:2      | Reached skill level 2 in Transmutations
  1562 | D:2      | Reached XP level 4. HP: 22/27 MP: 5/7
  1683 | D:2      | Noticed Terence
  2153 | D:2      | Noticed Jessica
  2171 | D:2      | Noticed Natasha
  2176 | D:2      | Killed Natasha
  2177 | D:2      | Reached skill level 3 in Transmutations
  2351 | D:2      | Noticed Natasha
  2358 | D:2      | Killed Natasha
  2359 | D:2      | Reached XP level 5. HP: 30/31 MP: 6/8
  2398 | D:2      | Noticed Natasha
  2405 | D:2      | Killed Natasha
  2406 | D:2      | Reached skill level 4 in Transmutations
  2736 | D:3      | Noticed MCDelver's ghost (weakling DsGl)
  3126 | D:3      | Found a runed translucent gate.
  3126 | D:3      | Found a runed translucent gate.
  3126 | D:3      | Found a runed translucent gate.
  3260 | D:3      | Noticed Sigmund
  3883 | D:4      | Noticed an ogre
  3940 | D:3      | Learned a level 4 spell: Petrify
  3997 | D:4      | Reached XP level 6. HP: 20/36 MP: 4/9
  4209 | D:4      | Noticed Duvessa
  4302 | D:4      | Noticed Dowan
  4903 | D:5      | Entered Level 5 of the Dungeon
  4903 | D:5      | Noticed an ice beast
  4913 | D:5      | Killed an ice beast
  4914 | D:5      | Reached skill level 5 in Transmutations
  4914 | D:5      | Reached skill level 5 in Earth Magic
  4914 | D:5      | Reached XP level 7. HP: 41/41 MP: 2/10
  4987 | D:5      | Noticed Ijyb
  5215 | D:5      | Found a sacrificial altar of Ru.
  5248 | D:5      | Found an ancient bone altar of Kikubaaqudgha.
  5446 | D:5      | Noticed Blork the orc
  5514 | D:5      | Found a staircase to the Ecumenical Temple.
  5522 | Temple   | Entered the Ecumenical Temple
  5879 | D:5      | Reached skill level 6 in Transmutations
  6104 | D:5      | Reached XP level 8. HP: 46/46 MP: 8/11
  6484 | D:5      | Found a runed translucent door.
  6485 | D:5      | Noticed Crazy Yiuf
  6819 | D:6      | Found an opulent altar of Gozag.
  6825 | D:6      | Became a worshipper of Gozag Ym Sagoz the Greedy
  7275 | D:6      | Noticed a manticore
  7292 | D:6      | Found Caffiol's Antique Armour Emporium.
  7324 | D:6      | Killed a manticore
  7325 | D:6      | Reached skill level 7 in Transmutations
  7729 | D:6      | Found a broken altar of Ashenzari.
  7736 | D:6      | Reached XP level 9. HP: 46/51 MP: 12/12
  8214 | D:2      | Killed Jessica
  8281 | D:2      | Killed Terence
  8406 | D:3      | Killed Sigmund
  8407 | D:3      | Reached skill level 8 in Transmutations
  8455 | D:3      | Killed MCDelver's ghost
  8458 | D:3      | Reached skill level 5 in Stealth
  8671 | D:4      | Killed Duvessa
  8806 | D:4      | Killed Dowan
  8948 | D:5      | Killed Blork the orc
  9020 | D:5      | Killed Crazy Yiuf
  9129 | D:5      | Killed Ijyb
  9305 | D:7      | Found a sand-covered staircase.
  9312 | Ossuary  | Entered an ossuary
  9707 | D:7      | Reached skill level 1 in Fighting
 10753 | D:8      | Reached skill level 9 in Transmutations
 10753 | D:8      | Reached XP level 10. HP: 60/60 MP: 12/16
 10797 | D:8      | Noticed a cyan ugly thing
 10929 | D:8      | Killed a cyan ugly thing
 11136 | D:8      | Noticed Erica
 11172 | D:8      | Noticed Joseph
 11188 | D:8      | Killed Joseph
 11558 | D:9      | Noticed Maurice
 11572 | D:9      | Killed Maurice
 11573 | D:9      | Reached skill level 10 in Transmutations
 11573 | D:9      | Reached skill level 10 in Earth Magic
 11656 | D:9      | Noticed Prince Ribbit
 11666 | D:9      | Killed Prince Ribbit
 12601 | D:9      | Found a shimmering altar of Xom.
 12829 | D:9      | Reached skill level 5 in Spellcasting
 12829 | D:9      | Reached XP level 11. HP: 64/64 MP: 16/18
 12884 | D:10     | Entered Level 10 of the Dungeon
 12973 | D:10     | Found a flagged portal.
 12991 | Bailey   | Entered a bailey
 13015 | D:10     | Noticed Sonja
 13030 | D:10     | Killed Sonja
 13036 | D:10     | Found a shadowy altar of Dithmenos.
 13427 | D:10     | Noticed a five-headed hydra
 13436 | D:10     | Killed a five-headed hydra
 13656 | D:11     | Noticed an orc knight
 14042 | D:11     | Noticed a two-headed ogre
 14066 | D:11     | Found a staircase to the Lair.
 14117 | D:11     | Killed a two-headed ogre
 14160 | D:11     | Noticed a manticore
 14221 | D:11     | Reached skill level 11 in Transmutations
 14299 | D:11     | Killed an orc knight
 14374 | D:11     | Found a staircase to the Orcish Mines.
 14394 | D:11     | Noticed Fannar
 14463 | D:11     | Killed a manticore
 14464 | D:11     | Reached XP level 12. HP: 61/70 MP: 16/22
 14535 | D:11     | Identified the +11 spear of Ipiov {vorpal, Int+5}
 14546 | D:11     | Learned a level 7 spell: Dragon Form
 15202 | D:12     | Found a large runed translucent door.
 15202 | D:12     | Found a large runed translucent door.
 15590 | D:12     | Reached skill level 12 in Transmutations
 15755 | D:12     | Bought a ring of wizardry for 450 gold pieces
 15822 | D:12     | Noticed Josephine
 15904 | D:12     | Killed Josephine
 15905 | D:12     | Noticed a two-headed ogre
 15913 | D:12     | Killed a two-headed ogre
 15916 | D:12     | HP: 4/157 [wraith[Josephine] (8)]
 16696 | D:12     | Reached skill level 1 in Unarmed Combat
 17449 | D:11     | Noticed a two-headed ogre
 17467 | D:11     | Killed a two-headed ogre
 17468 | D:11     | Reached skill level 13 in Transmutations
 17752 | D:13     | Noticed a centaur warrior
 17790 | D:13     | Noticed a centaur warrior
 17955 | D:13     | Noticed a centaur warrior
 17964 | D:13     | Killed a centaur warrior
 18136 | D:13     | Noticed a six-headed hydra
 18146 | D:13     | Killed a six-headed hydra
 18147 | D:13     | Reached XP level 13. HP: 74/74 MP: 21/25
 18327 | D:13     | Reached skill level 14 in Transmutations
 18570 | D:13     | You fall into a shaft and drop 1 floor!
 18745 | D:14     | Reached skill level 5 in Unarmed Combat
 19066 | D:13     | Found a bloodstained altar of Trog.
 19418 | D:13     | Reached skill level 1 in Air Magic
 20180 | D:14     | Found a gate to the Vaults.
 20180 | D:14     | Noticed an ironbound preserver
 20372 | D:14     | Found a stormy altar of Qazlal.
 21074 | Lair:1   | Entered Level 1 of the Lair of Beasts
 21171 | Lair:1   | Found a dark tunnel.
 21180 | Volcano  | Entered a volcano
 21388 | Volcano  | Found a radiant altar of Vehumet.
 21394 | Volcano  | Reached skill level 10 in Stealth
 21459 | Volcano  | Reached XP level 14. HP: 86/86 MP: 14/26
 21660 | Lair:1   | Reached skill level 5 in Fighting
 22895 | Lair:2   | Found a staircase to the Snake Pit.
 23642 | Lair:3   | Reached skill level 15 in Transmutations
 23865 | Lair:3   | Found a staircase to the Swamp.
 24870 | Lair:4   | Reached skill level 16 in Transmutations
 24964 | Lair:4   | Noticed Snorg
 24976 | Lair:4   | Killed Snorg
 25607 | Lair:5   | Reached XP level 15. HP: 94/94 MP: 28/28
 26349 | Lair:6   | Entered Level 6 of the Lair of Beasts
 26369 | Lair:6   | Reached skill level 10 in Spellcasting
 26530 | Lair:6   | Reached skill level 10 in Unarmed Combat
 26558 | Lair:6   | Found a staircase to the Slime Pits.
 26559 | Lair:6   | Found a viscous altar of Jiyva.
 27821 | Lair:6   | Found a corrupted altar of Lugonu.
 27821 | Lair:6   | Found a one-way gate to the infinite horrors of the Abyss.
 28148 | D:12     | Bought the ring of the Devil's Team {rF+ rN+ Int+4 Slay+4}
                  | for 1548 gold pieces
 28197 | Orc:1    | Entered Level 1 of the Orcish Mines
 29084 | Orc:2    | Entered Level 2 of the Orcish Mines
 29086 | Orc:2    | Noticed an orc warlord
 29368 | Orc:2    | Reached XP level 16. HP: 105/105 MP: 20/30
 29407 | Orc:2    | Slain by an orc warlord

Illustrated notes

Levels and vault maps discovered:
D:1:      onia_arrival_mini_maze, layout_basic
D:2:      layout_loops_corners, nicolae_ecumenical_pavilion,
          chequers_serial_rivers_micro_e, minmay_distorted, uniq_terence,
          uniq_natasha, uniq_jessica
D:3:      layout_rooms, gammafunk_ghost_icy, uniq_sigmund
D:4:      layout_basic, uniq_duvessa
D:5:      layout_layer_cave, mainiacjoe_overflow_two_lobes,
          minmay_temple_entry_butterflies, nicolae_figureground_pulse,
          uniq_ijyb, uniq_crazy_yiuf_cottage, uniq_blork_the_orc
D:6:      layout_rooms, mainiacjoe_overflow_alcove_2,
          mainiacjoe_overflow_six_doors_small, serial_shops,
          nicolae_inconvenience_store
D:7:      layout_cave_pools, chequers_ossuary_entry_cave
D:8:      layout_gridville, uniq_erica, uniq_joseph
D:9:      layout_roguey, mainiacjoe_overflow_brackets, uniq_prince_ribbit1,
          uniq_maurice
D:10:     layout_rooms, grunt_dithmenos_smoke_and_mirrors, enter_bailey_2,
          uniq_sonja
D:11:     layout_roguey [special_room_orc], lair_entry_dummy, orc_0_dummy,
          serial_undead, serial_undead_b, serial_undead_e, serial_undead_f,
          serial_undead_d, serial_undead_d, uniq_fannar
D:12:     layout_irregular_city, lightli_elemental_guards, uniq_josephine
D:13:     cheibrodos_elevator_heist, layout_basic, trog_butcher_becter
D:14:     layout_cave_pools, skrybe_vaults_entry_preservation,
          nicolae_qazlal_general_emergency
Temple:   eino_temple_rhombus
Lair:1:   layout_regular_city, nicolae_volcano_entry_two_sided,
          chequers_serial_rivers_small_b, lemuel_fruit_tree
Lair:2:   layout_loops_ring, guppyfry_snake_entry_garden
Lair:3:   layout_regular_city, skrybe_swamp_entry_bodies,
          nicolae_lair_run_with_the_wolves, infiniplex_staircase_pool_2
Lair:4:   layout_big_grid, nicolae_lair_grazing_beasts
          [nicolae_sub_lair_graze_edge, nicolae_sub_lair_graze_edge,
          nicolae_sub_lair_graze_edge, nicolae_sub_lair_graze_edge],
          grunt_megastairs_2, uniq_snorg
Lair:5:   layout_misc_corridors
Lair:6:   hellmonk_lair_end_abyssal_woods, layout_loops_ring, slime_altar_1,
          grunt_megastairs_3
Orc:1:    layout_diamond_mine
Orc:2:    st_orc_rangers, layout_diamond_mine, basic_altar, serial_shops, shop,
          uniq_rupert

Skill      XL: |  1  2  3  4  5  6  7  8  9 10 11 12 13 14 15 |
---------------+----------------------------------------------+-----
Stealth        | 3 4 6 7 8 10 12 | 12.0
Short Blades   | 1 2 3 4 |  4.0
Transmutations | 2 3 4 5 6 7 9 10 11 13 14 16 | 16.0
Earth Magic    | 4 5 6 7 9 10 11 12 | 12.0
Spellcasting   | 4 5 7 8 9 10 | 10.8
Fighting       | 2 4 6 8 |  8.0
Dodging        | 3 4 |  4.0
Unarmed Combat | 3 6 7 11 | 11.0
Air Magic      | 4 |  4.0

Action                   |  1- 3 |  4- 6 |  7- 9 | 10-12 | 13-15 | 16-18 || total
-------------------------+-------+-------+-------+-------+-------+-------++-------
Melee: Short sword       |    33 |    90 |       |       |       |       ||   123
       Constrict         |    10 |    21 |    37 |    40 |     7 |       ||   115
       Tentacles         |    11 |    18 |    32 |    88 |    25 |       ||   174
       Dagger            |       |    14 |   126 |   215 |    89 |       ||   444
       Punch             |       |       |     1 |     9 |    50 |       ||    60
       Rapier            |       |       |       |    31 |       |       ||    31
       Unarmed           |       |       |       |    58 |   649 |    12 ||   719
       Tailslap          |       |       |       |    10 |   105 |       ||   115
       Bite              |       |       |       |     7 |    95 |       ||   102
Throw: Dart              |       |       |     5 |    14 |     6 |       ||    25
       Stone             |       |       |       |     2 |       |       ||     2
 Cast: Sandblast         |    19 |    28 |    98 |    79 |    43 |     1 ||   268
       Passwall          |       |     1 |     9 |    17 |     3 |       ||    30
       Petrify           |       |     3 |    31 |    78 |    76 |     3 ||   191
       Dragon Form       |       |       |       |     7 |    66 |     1 ||    74
Invok: Call Merchant     |       |       |       |     1 |       |       ||     1
 Abil: Breathe Fire      |       |       |       |       |     5 |       ||     5
Evoke: Wand              |       |       |       |    13 |     5 |       ||    18
       Tin of tremorston |       |       |       |       |     2 |       ||     2
       Lightning rod     |       |       |       |       |     4 |       ||     4
  Use: Potion            |       |       |     2 |     6 |     1 |       ||     9
       Scroll            |       |       |       |    12 |    11 |       ||    23
 Stab: Sleeping          |     8 |    12 |    14 |    14 |    14 |       ||    62
       Distracted        |       |     1 |       |       |     5 |       ||     6
       Petrified         |       |    12 |    51 |   176 |   111 |       ||   350
       Petrifying        |       |       |       |       |     3 |       ||     3
       Invisible         |       |       |       |       |     1 |       ||     1
Armor: Skin              |     3 |     6 |     5 |    46 |   283 |    12 ||   355
Dodge: Dodged            |    19 |    57 |    53 |   111 |   243 |    12 ||   495
